Map: Prion Terraces

Players

Fbondo

  • Race: Terran Terran
  • League: Platinum

MorN - Winner!

  • Race: Terran Terran
  • League: Diamond

VOD

Have the link to the VOD?

Description

Time

  • Played on: Nov. 13, 2015, 9:39 p.m.
  • Length: 10:13
Show
View Real Time Build Order
Export as new Build Order

Fbondo Terran 

Build Orders:  

Get SALT Encoding   

  12  0:00  SCV  
  13  0:12  SCV  
  14  0:17  Supply Depot  
  14  0:26  SCV  
  15  0:39  SCV  
  15  0:40  Barracks  
  16  0:46  Refinery  
  16  0:51  SCV  
  17  1:03  SCV  
  18  1:15  SCV  
  19  1:27  Marine  
  19  1:29  Orbital Command  
  20  1:42  Command Center  
  20  1:46  Marine  
  21  1:55  Supply Depot  
  21  1:56  SCV  
  22  2:03  Marine  
  23  2:13  Factory  
  23  2:16  SCV  
  24  2:22  Marine  
  24  2:28  SCV  
  26  2:36  Barracks  
  26  2:41  SCV  
  27  2:45  Marine  
  28  2:57  Orbital Command  
  28  3:00  Factory Reactor  
  28  3:01  Barracks  
  28  3:03  Starport, Marine  
  27  3:21  Marine  
  27  3:22  Marine  
  27  3:24  SCV  
  29  3:43  Marine x2  
  29  3:44  Medivac  
  29  3:48  Hellion x2  
  37  4:01  Marine  
  28  4:19  Marine x3  
  28  4:21  Widow Mine  
  28  4:22  Hellion  
  32  4:33  SCV x2  
  32  4:36  Marine  
  34  4:43  Marine  
  34  4:44  Hellion  
  34  4:45  SCV  
  34  4:46  SCV  
  36  4:56  Marine  
  36  4:57  Marine  
  36  4:58  SCV x2  
  37  5:00  Marine  
  38  5:11  Widow Mine  
  38  5:12  Widow Mine  
  39  5:14  Marine x2  
  39  5:27  Orbital Command  
  39  5:29  Bunker  
  39  5:31  Bunker  
  39  5:33  Marine x2  
  39  5:34  Marine  
  34  6:12  Marine x3  
  34  6:14  Medivac  
  39  6:22  SCV x2  
  41  6:27  Refinery  
  41  6:29  Marine  
  41  6:32  Hellion  
  36  6:52  Engineering Bay  
  19  7:31  SCV  
  20  7:45  SCV  
  20  7:50  Missile Turret  
  21  7:57  Marine x2  
  23  8:01  SCV  
  23  8:03  SCV  
  25  8:08  Widow Mine  
  27  8:14  SCV  
  28  8:22  SCV  
  28  8:25  Marine  
  28  8:26  SCV  
  31  8:27  Barracks Tech Lab  
  31  8:30  Marine  
  32  8:34  SCV  
  32  8:38  SCV  
  34  8:46  SCV  
  35  8:50  Marauder  
  35  8:52  Marine  
  35  8:53  Missile Turret, Marine  
  25  9:21  Marine x2  
  25  9:22  Marauder  
  15  9:39  Marine  
Show
View Real Time Build Order
Export as new Build Order

MorN Terran - Winner!

Build Orders: 1/1/1, Hellion Banshee 

Get SALT Encoding   

  12  0:01  SCV  
  13  0:13  SCV  
  14  0:17  Supply Depot  
  14  0:25  SCV  
  14  0:28  Refinery  
  15  0:39  SCV  
  16  0:45  Barracks  
  16  0:51  SCV  
  17  1:03  SCV  
  18  1:04  Refinery  
  18  1:15  SCV  
  19  1:32  Orbital Command  
  19  1:33  Reaper  
  20  1:40  Factory  
  20  1:58  SCV  
  20  1:59  Supply Depot  
  21  2:05  Reaper  
  22  2:10  SCV  
  23  2:21  Supply Depot  
  23  2:22  SCV  
  24  2:26  Starport  
  24  2:32  Hellion  
  26  2:37  Reaper  
  27  2:48  SCV  
  27  2:51  Supply Depot  
  28  2:56  Hellion  
  30  3:01  SCV  
  30  3:05  Medivac  
  33  3:09  Reaper  
  33  3:10  Armory  
  34  3:13  SCV  
  34  3:21  Hellion  
  34  3:25  SCV  
  37  3:46  Barracks Tech Lab, Hellion  
  37  3:47  Viking  
  37  3:48  SCV  
  42  3:50  Supply Depot  
  42  4:00  SCV  
  41  4:08  Hellion  
  42  4:32  Hellion  
  42  4:34  Banshee  
  42  4:35  Cloaking Field  
  42  4:36  Barracks Reactor  
  45  4:59  Factory Reactor  
  45  5:20  Banshee  
  48  5:28  Marine x2  
  50  5:33  Barracks  
  50  5:36  Barracks  
  50  5:37  Hellion  
  50  5:38  Hellion  
  50  5:41  Command Center  
  50  5:42  SCV  
  53  5:51  Command Center  
  53  6:01  Hellion x2  
  45  6:19  SCV  
  45  6:22  Starport Reactor  
  46  6:29  Barracks Reactor  
  46  6:31  SCV, Hellion  
  46  6:32  Hellion  
  51  6:43  SCV  
  49  6:55  SCV  
  49  7:00  Orbital Command  
  44  7:04  Orbital Command  
  44  7:08  SCV  
  43  7:11  Marine  
  43  7:12  Hellion x2, Marine  
  43  7:13  Marine x3  
  43  7:14  Stimpack, Medivac x2  
  56  7:20  SCV  
  57  7:28  SCV  
  57  7:29  Marine  
  55  7:31  SCV  
  55  7:32  SCV, Marine x4  
  55  7:36  Hellion  
  64  7:40  SCV  
  64  7:41  Supply Depot  
  64  7:43  SCV  
  64  7:44  Terran Vehicle Weapons Level 1  
  66  7:48  SCV  
  66  7:49  Marine  
  66  7:50  Marine  
  69  7:54  Engineering Bay  
  69  7:56  SCV x2, Engineering Bay  
  69  7:57  Marine  
  72  8:08  SCV x2, Barracks  
  72  8:10  Barracks, Marine x2  
  72  8:12  Factory Reactor  
  76  8:17  Medivac x2  
  76  8:18  SCV  
  81  8:22  Supply Depot  
  81  8:24  Refinery, Marine  
  81  8:25  Marine x2  
  84  8:27  SCV  
  86  8:34  SCV, Refinery  
  86  8:38  Supply Depot  
  86  8:41  Marine  
  86  8:42  Marine  
  86  8:47  Medivac x2  
  92  8:55  Marine x5  
  93  8:59  Marine  
  96  9:08  Marine  
  90  9:13  Marine x2  
  90  9:14  SCV x2  
  90  9:15  Marine x3  
  97  9:17  Marine  
  97  9:22  Barracks x2  
  97  9:23  Barracks  
  95  9:24  SCV  
  95  9:25  Marine  
  95  9:26  Refinery  
  95  9:27  Supply Depot, Refinery  
  95  9:28  Marine x2  
  95  9:29  Supply Depot  
  95  9:30  Marine  
  95  9:31  Factory Tech Lab, Marine  
  100  9:32  Marine  
  100  9:41  Marine x2  
  100  9:42  Marine  
  100  9:43  Marine  
  102  9:45  Marine  
  102  9:49  Marine x3  
  102  9:50  Marine  
  105  9:52  SCV  
  105  9:53  Supply Depot  
  110  10:08  Supply Depot  
Tags
 
Composition
Hellion Banshee
Matchup
TvT
Opening
1/1/1
Race
Terran
Replay Pack
MorN pack 1
Add a new tag
Caveats
  • Supply blocks, unpowered buildings, or Contaminate may cause inaccurate times.
  • Supply counts are checked every 10 seconds.